AoeStats
← amityy

Lombardia

510032196Analyzed
2v2 RM · 4d ago on Sep 29, 2026· 44m 55s· 4 players
Game mode
Random Map
Map size
Medium (4 player)
Population
200
Speed
Normal
Resources
Standard
Victory
Conquest
Starting age
Dark Age
Ending age
Imperial Age
RankedLock teamsTeams togetherTeam positionsShared explorationLock speedFull tech treeHidden civsTurbo modeCheats
Victory
Defeat
🇺🇸 Inca · United States
961
+13
🇺🇸 Tatars · United States
796
+19
🇦🇷 Bohemians · Argentina
903
-17
🇺🇸 Franks · United States
860
-15
amityy
7:15 Loom
9:32 Feudal Age
10:06 Champi Runner
10:44 Double-Bit Axe
11:51 Horse Collar
21:35 Castle Age
19:59 Scale Mail Armor
21:43 Champi Warrior
23:07 Pikeman
28:42 Arson
29:11 Forging
29:16 Chain Mail Armor
30:12 Bow Saw
33:33 Iron Casting
34:26 Iron Casting
34:51 Iron Casting
35:19 Chain Mail Armor
38:15 Imperial Age
36:19 Squires
36:41 Heavy Plow
36:32 Gold Mining
38:23 Wheelbarrow
39:58 Blast Furnace
38:23 Elite Champi Warrior
40:29 Plate Mail Armor
crustytots409
8:48 Loom
11:46 Feudal Age
13:51 Fletching
17:46 Scale Mail Armor
21:52 Double-Bit Axe
28:26 Castle Age
27:02 Wheelbarrow
26:14 Horse Collar
26:49 Padded Archer Armor
30:00 Bodkin Arrow
29:29 Crossbowman
34:07 Leather Archer Armor
35:59 Bow Saw
40:21 Heavy Plow
40:39 Hand Cart
40:24 Light Cavalry
44:59 Imperial Age
44:14 Scale Barding Armor
Juanpiola
8:03 Loom
12:01 Feudal Age
16:10 Double-Bit Axe
21:20 Horse Collar
21:41 Town Watch
27:51 Castle Age
30:17 Wheelbarrow
32:13 Bow Saw
35:30 Fortified Wall
36:23 Chemistry
38:31 Imperial Age
37:08 Crossbowman
41:05 Hand Cart
Au_Goose
10:54 Feudal Age
15:15 Castle Age
13:46 Scale Barding Armor
15:37 Forging
16:03 Husbandry
16:05 Double-Bit Axe
22:48 Wheelbarrow
25:48 Chain Barding Armor
26:04 Iron Casting
29:11 Hand Cart
28:41 Town Watch
28:42 Loom
30:55 Stone Mining
30:55 Gold Mining
31:18 Bow Saw
31:15 Town Patrol
33:54 Gold Shaft Mining
38:31 Imperial Age
39:50 Plate Barding Armor
40:16 Blast Furnace
39:08 Cavalier
40:29 Paladin
41:48 Ordonnance Companies
41:53 Elite Throwing Axeman
Connection lost

Rejoining the realm…

Still unreachable

The connection could not be restored.

Session expired

The server has moved on; the page needs a fresh start.